Map: Abyssal Reef LE

Players

mickie - Winner!

  • Race: Protoss Protoss
  • Spawn Location: 11:00

Cheater 1 (Insane)

  • Race: Protoss Protoss
  • Spawn Location: 5:00

VOD

Have the link to the VOD?

Description

Time

  • Played on: Oct. 24, 2025, 1:59 p.m.
  • Length: 14:41
Show
View Real Time Build Order
Export as new Build Order

mickie Protoss - Winner!

Build Orders: Carriers 

Get SALT Encoding   

  12  0:00  Probe  
  13  0:12  Probe  
  14  0:18  Pylon  
  14  0:25  Probe  
  15  0:33  Probe, Assimilator  
  15  0:41  Probe  
  16  0:49  Gateway  
  17  0:51  Probe  
  18  0:59  Pylon  
  18  1:03  Probe  
  19  1:15  Probe  
  19  1:17  Forge  
  20  1:35  Zealot  
  20  1:36  Cybernetics Core  
  22  1:59  Nexus  
  22  2:12  Sentry  
  22  2:13  Shield Battery  
  24  2:15  Shield Battery  
  24  2:22  Shield Battery  
  24  2:29  Assimilator  
  24  2:30  Probe  
  24  2:35  Assimilator  
  25  2:37  Sentry  
  25  2:42  Probe  
  28  2:52  Photon Cannon  
  28  2:54  Probe  
  29  3:04  Photon Cannon  
  29  3:07  Probe x2  
  31  3:16  Probe  
  31  3:19  Probe  
  33  3:23  Assimilator  
  33  3:24  Probe  
  33  3:32  Probe x2  
  35  3:40  Probe  
  36  3:44  Probe  
  36  3:47  Photon Cannon  
  36  3:48  Probe  
  39  3:56  Probe x2  
  41  4:04  Probe  
  41  4:08  Pylon, Probe  
  43  4:12  Probe  
  43  4:15  Pylon  
  44  4:20  Probe x2  
  45  4:24  Pylon  
  45  4:28  Probe  
  46  4:32  Probe  
  46  4:35  Stargate  
  46  4:37  Probe  
  48  4:44  Probe  
  50  4:47  Photon Cannon, Probe  
  50  4:51  Shield Battery  
  51  5:02  Pylon  
  51  5:05  Cybernetics Core  
  51  5:08  Protoss Air Weapons Level 1  
  51  5:20  Fleet Beacon  
  51  5:28  Photon Cannon  
  51  5:29  Shield Battery  
  51  5:30  Shield Battery  
  51  5:32  Shield Battery  
  51  5:38  Robotics Facility  
  51  5:42  Stargate  
  51  5:45  Mothership  
  51  5:46  Carrier  
  51  5:56  Protoss Air Armor Level 1  
  59  6:10  Stargate  
  65  6:16  Pylon  
  65  6:25  Observer  
  66  6:26  Tempest  
  70  6:36  Pylon  
  70  6:50  Tempest  
  70  6:54  Tempest  
  78  7:09  Tempest  
  78  7:10  Protoss Air Weapons Level 2  
  78  7:14  Pylon  
  82  7:16  Pylon  
  82  7:20  Pylon  
  82  7:22  Pylon  
  82  7:33  Tempest  
  86  7:40  Tempest  
  90  7:56  Tempest  
  94  8:16  Tempest  
  98  8:28  Tempest  
  102  8:55  Carrier  
  108  9:07  Protoss Shields Level 1  
  108  9:32  Pylon, Nexus  
  108  9:34  Pylon  
  108  9:35  Pylon  
  108  9:37  Assimilator  
  108  9:39  Stargate  
  108  9:40  Pylon  
  108  9:44  Assimilator  
  108  9:52  Protoss Air Armor Level 2  
  108  10:04  Photon Cannon  
  108  10:05  Carrier  
  108  10:06  Photon Cannon  
  114  10:09  Photon Cannon  
  114  10:12  Twilight Council  
  114  10:14  Photon Cannon  
  114  11:02  Carrier  
  120  11:07  Protoss Air Weapons Level 3  
  120  11:13  Protoss Shields Level 2  
  120  11:29  Carrier  
  126  11:44  Carrier  
  132  11:59  Carrier  
  138  12:04  Unknown  
  138  12:29  Carrier  
  144  12:45  Carrier  
  146  13:08  Carrier  
  146  13:10  Pylon, Nexus  
  150  13:13  Pylon  
  150  13:15  Pylon  
  150  13:18  Assimilator  
  150  13:22  Assimilator  
  150  13:26  Carrier  
  156  13:34  Carrier  
  168  14:22  Stargate  
  168  14:24  Stargate  
Show
View Real Time Build Order
Export as new Build Order

Cheater 1 (Insane) Protoss 

Build Orders: Zealot Archon 

Get SALT Encoding   

  12  0:00  Probe  
  13  0:13  Probe  
  14  0:19  Pylon  
  14  0:25  Probe  
  15  0:33  Probe  
  15  0:42  Probe, Assimilator  
  16  0:46  Gateway  
  17  0:52  Probe  
  17  0:55  Pylon  
  18  1:00  Probe  
  19  1:08  Probe  
  19  1:18  Probe  
  21  1:26  Gateway  
  21  1:30  Probe  
  22  1:34  Pylon  
  22  1:36  Zealot, Cybernetics Core  
  24  1:42  Probe  
  25  1:54  Probe  
  26  2:03  Zealot, Probe  
  26  2:05  Gateway  
  29  2:11  Gateway  
  29  2:14  Adept, Warp Gate  
  31  2:25  Pylon  
  31  2:26  Probe  
  31  2:27  Stalker  
  32  2:30  Assimilator  
  34  2:38  Probe  
  34  2:44  Adept  
  37  2:48  Adept  
  37  2:54  Pylon  
  37  2:55  Stalker x2  
  43  3:08  Stalker  
  43  3:11  Stalker  
  47  3:20  Pylon  
  47  3:22  Stalker x2  
  51  3:38  Adept  
  51  3:39  Pylon  
  51  3:41  Adept  
  55  3:49  Stalker, Adept  
  59  4:00  Robotics Facility  
  59  4:03  Twilight Council  
  59  4:16  Stalker  
  61  4:18  Stalker, Pylon  
  63  4:33  Nexus  
  63  4:36  Zealot x2  
  63  4:37  Pylon  
  67  4:42  Zealot  
  67  4:44  Templar Archives  
  69  4:46  Zealot  
  71  4:56  Zealot x2  
  71  4:59  Pylon  
  75  5:03  Zealot  
  77  5:07  Zealot  
  79  5:17  Zealot  
  79  5:19  Zealot  
  79  5:21  Pylon  
  83  5:23  Sentry  
  83  5:24  High Templar  
  87  5:37  Sentry  
  87  5:39  High Templar  
  87  5:41  Pylon  
  91  5:45  Probe, Archon  
  91  5:46  Zealot  
  91  5:49  Zealot, Probe  
  97  5:55  Assimilator  
  97  5:57  Pylon  
  97  6:00  High Templar  
  97  6:02  Zealot  
  101  6:05  Pylon  
  101  6:07  Probe, Assimilator  
  101  6:08  Probe  
  103  6:11  High Templar  
  103  6:15  Probe  
  105  6:20  Probe  
  105  6:23  Archon  
  105  6:24  Probe  
  107  6:26  High Templar, Zealot  
  107  6:32  Probe  
  113  6:33  Probe  
  113  6:34  Nexus  
  113  6:38  High Templar  
  116  6:42  Probe  
  116  6:45  Probe  
  118  6:50  Probe  
  118  6:51  High Templar, Archon  
  121  6:57  Probe  
  121  6:58  High Templar  
  121  6:59  Probe  
  124  7:05  Pylon  
  125  7:08  Observer  
  125  7:09  Probe  
  125  7:10  Archon  
  125  7:11  Probe  
  128  7:18  Probe  
  129  7:23  Probe  
  129  7:27  Probe  
  130  7:31  Pylon  
  130  7:33  Stargate  
  130  7:35  Stalker, Probe x2  
  134  7:38  Stalker  
  134  7:43  Immortal, Probe  
  141  7:45  Probe  
  141  7:47  Probe  
  144  7:51  Probe  
  144  7:52  Assimilator  
  144  7:54  Pylon, Sentry  
  144  7:55  Charge, Probe, Nexus, Assimilator  
  144  7:58  Forge  
  147  8:00  Probe  
  147  8:02  Probe  
  147  8:05  Probe  
  150  8:12  Immortal  
  151  8:14  Probe x2  
  151  8:15  Pylon  
  151  8:17  Probe  
  158  8:23  Void Ray  
  158  8:26  Probe  
  163  8:27  Probe  
  163  8:29  Probe  
  163  8:33  Protoss Ground Armor Level 1  
  165  8:34  Photon Cannon  
  165  8:38  Pylon, Probe  
  165  8:39  Probe  
  167  8:41  Probe  
  167  8:43  High Templar  
  167  8:47  Pylon  
  158  8:48  Probe  
  158  8:50  High Templar  
  158  8:51  Warp Prism  
  158  8:52  Probe  
  158  8:53  Probe  
  158  8:55  Stalker  
  149  8:56  Sentry, Probe  
  149  8:57  Archon  
  136  9:04  Probe  
  136  9:06  Void Ray  
  106  9:13  Assimilator  
  106  9:15  Adept  
  102  9:17  Zealot  
  102  9:18  High Templar, Forge  
  102  9:20  Sentry, Assimilator  
  106  9:26  Observer  
  101  9:33  Sentry  
  101  9:35  Sentry  
  95  9:41  Warp Prism  
  95  9:43  Stalker  
  93  9:49  Photon Cannon, Void Ray  
  93  9:50  Adept  
  93  9:52  Photon Cannon  
  87  9:55  High Templar, Photon Cannon  
  87  9:57  Pylon  
  87  9:58  Stalker  
  83  10:03  Photon Cannon  
  83  10:04  Zealot  
  83  10:06  Photon Cannon  
  77  10:10  Immortal, Sentry  
  78  10:14  Nexus  
  78  10:17  Zealot, Probe  
  78  10:19  Adept  
  86  10:21  Stalker  
  86  10:22  Probe  
  86  10:25  Probe  
  83  10:28  Pylon  
  83  10:29  Probe  
  83  10:33  High Templar  
  83  10:34  Probe  
  85  10:36  Zealot  
  85  10:37  Probe  
  85  10:39  High Templar  
  85  10:41  Probe  
  89  10:44  Zealot  
  89  10:46  Pylon  
  89  10:49  Probe x2, Warp Prism  
  89  10:56  Adept  
  90  11:01  Probe x2  
  86  11:04  Zealot  
  86  11:06  High Templar  
  86  11:10  Probe  
  86  11:11  Zealot  
  80  11:14  Probe  
  80  11:16  Zealot  
  80  11:18  Probe  
  81  11:24  Zealot, Photon Cannon  
  81  11:25  Observer  
  75  11:26  Probe x2  
  75  11:27  Probe  
  75  11:29  Sentry  
  75  11:32  Assimilator  
  76  11:35  Probe  
  76  11:36  Zealot  
  76  11:38  Stalker, Probe x2  
  71  11:42  Warp Prism  
  71  11:43  Probe  
  71  11:44  High Templar  
  71  11:45  Sentry  
  67  11:51  Probe  
  67  11:52  Probe  
  59  11:56  Zealot  
  59  12:01  Zealot  
  59  12:02  Nexus  
  59  12:03  Probe  
  59  12:04  Probe  
  59  12:07  Adept  
  59  12:08  Nexus  
  47  12:12  Pylon  
  39  12:16  High Templar, Probe  
  39  12:17  Adept  
  39  12:18  Observer  
  39  12:21  Zealot  
  44  12:27  Sentry  
  44  12:28  Probe  
  44  12:29  Assimilator  
  39  12:35  Pylon  
  39  12:37  High Templar, Immortal  
  38  12:40  Probe  
  38  12:41  Sentry  
  38  12:44  Adept  
  38  12:46  Zealot  
  38  12:47  Nexus  
  38  12:50  Stalker  
  36  12:59  Assimilator  
  36  13:00  High Templar  
  36  13:02  Nexus  
  36  13:05  Zealot, Pylon  
  36  13:09  Zealot  
  35  13:16  Nexus  
  35  13:18  Adept  
  29  13:27  Nexus  
  29  13:28  High Templar  
  29  13:31  High Templar  
  24  13:40  High Templar  
  22  13:45  High Templar  
  22  13:52  High Templar  
  20  14:00  High Templar  
Tags
 
Add a new tag
Caveats
  • Supply blocks, unpowered buildings, or Contaminate may cause inaccurate times.
  • Supply counts are checked every 10 seconds.